 Dungeon Crawl Stone Soup version 0.30-a0-862-g1aabd4f (webtiles) character file.

Game seed: 189199259004476794

46 lunatic the Cudgeller (level 3, -1/13 (21) HPs)
             Began as a Gargoyle Reaver on Mar 8, 2023.
             Slain by an orc wizard
             ... wielding a +3 dagger of speed
              (2 damage)
             ... on level 2 of the Dungeon.
             The game lasted 00:05:24 (991 turns).

lunatic the Cudgeller (Gargoyle Reaver)              Turns: 991, Time: 00:05:28

HP:   -1/13 (21)    AC:  7    Str: 15    XL:     3   Next: 68%
MP:   2/6           EV: 11    Int: 15    God:
Gold: 59            SH:  0    Dex:  8    Spells: 0/6 levels left

rFire   . . .      SeeInvis .    a - +1 dagger (speed)
rCold   . . .      Faith    .    (no shield)
rNeg    + . .      Spirit   .    b - +1 leather armour
rPois   ∞          Reflect  .    (no helmet)
rElec   +          Rampage  .    (no cloak)
rCorr   .                        (no gloves)
Will    .....                    (no boots)
Stlth   +                        (no amulet)
HPRegen 0.22/turn                (no ring)
MPRegen 0.10/turn                (no ring)

@: mighty, immotile, very heavily drained
A: sickness immunity, AC +3, negative energy resistance 1, electricity
resistance, torment resistance 1, petrification resistance
a: no special abilities


You were on level 2 of the Dungeon.
You visited 1 branch of the dungeon, and saw 2 of its levels.

You collected 59 gold pieces.

Inventory:

Hand Weapons
 a - a +1 dagger of speed (weapon)
 c - a +0 mace
Armour
 b - a +1 leather armour (worn)
Scrolls
 d - a scroll of identify
 f - a scroll of amnesia
 g - 2 scrolls of enchant armour
Potions
 e - a potion of heal wounds {unknown}
 h - a potion of curing {unknown}
 i - a potion of might
 j - a potion of invisibility {unknown}
 k - a potion of flight {unknown}


   Skills:
 - Level 2.1 Fighting
 * Level 4.1 Maces & Flails
 - Level 1.5 Dodging
 - Level 2.0 Spellcasting
 + Level 3.9 Conjurations


You couldn't memorise any spells.
You knew the following spells:

 Your Spells              Type           Power      Damage    Failure   Level
a - Kiss of Death         Conj/Necr      28%        2d7       12%         1
b - Momentum Strike       Conj/Tloc      14%        3d8       19%         2
c - Hailstorm             Conj/Ice       7%         3d4       36%         3

Your spell library contained the following spells:

 Spells                   Type           Power      Damage    Failure   Level
 Beastly Appendage        Tmut           2%         N/A       26%         1
 Wereblood                Tmut           1%         N/A       38%         2
 Spider Form              Tmut/Pois      1%         N/A       63%         3


Dungeon Overview and Level Annotations

Branches:
Dungeon (2/15)

Altars:


Innate Abilities, Weirdness & Mutations

You are immune to sickness and miasma.
Your stone body is resilient. (AC +3)
You are immune to poison.
You resist negative energy. (rN+)
You are resistant to electric shocks. (rElec)
You are resistant to unholy torment.
You are immune to petrification.


Message History

Casting: Momentum Strike (safe; 19% risk of failure)
Confirm with . or Enter, or press ? or * to list all spells.
You don't have enough magic to cast this spell.
You barely miss the kobold.
The kobold is moderately wounded.
An orc comes into view. It is wielding a +0 falchion.
The orc wizard casts a spell.
The orc wizard flickers and vanishes!
Deactivating autopickup; reactivate with Ctrl-A.
The kobold hits you with a +0 short sword.
The orc closely misses you.
You hear a shout!
You closely miss the kobold.
The kobold is moderately wounded.
You hit the kobold.
You kill the kobold!
The orc hits you but does no damage.
You hit the orc.
The orc is lightly wounded.
You hit the orc.
The orc is moderately wounded.
The orc hits you but does no damage. Something hits you.
You cannot move.
You closely miss the orc.
The orc is moderately wounded.
Something hits you but does no damage. The orc misses you.
Casting: Momentum Strike (safe; 19% risk of failure)
Confirm with . or Enter, or press ? or * to list all spells.
Okay, then.
You hit the orc.
The orc is heavily wounded.
Something hits you.
It was a potion of might.
You feel very mighty all of a sudden. The orc hits you with a +0 club.
* * * LOW HITPOINT WARNING * * *
Something hits you.
* * * LOW HITPOINT WARNING * * *
Something hits you.
You die...

....... ....
....... ...#
.......##...# #
#....#.....# .#
.#..?...... #.#
...o.....####
##..#
#o.oo...###..#
#o..##)o......#
#.#
#@#......#########
#
#.####...........#
.:# ###..........#
..##
#......[.....# #.#
#.#..........# ..
#.####.###.##. #.#
. ##..# #.... #.
.. ##..####..#. .$
#..#........


You could see 3 orcs.

Vanquished Creatures
  5 ball pythons
  5 bats
  7 endoplasms
  A giant cockroach (D:1)
  5 goblins
  5 hobgoblins (D:1)
  3 jackals (D:1)
  4 kobolds
  A quokka (D:1)
  A frilled lizard (D:1)
  3 rats (D:1)
40 creatures vanquished.

Vanquished Creatures (others)
  2 withered plants (D:1)
2 creatures vanquished.

Grand Total: 42 creatures vanquished

Notes
Turn   | Place    | Note
-------+----------+-------------------------------------------
     0 | D:1      | lunatic the Gargoyle Reaver began the quest for the Orb.
     0 | D:1      | Reached XP level 1. HP: 12/12 MP: 3/3
    81 | D:1      | Reached XP level 2. HP: 5/14 MP: 0/5
   165 | D:1      | Learned a level 2 spell: Momentum Strike
   330 | D:1      | Found a faded altar of an unknown god.
   363 | D:1      | Reached XP level 3. HP: 4/10 MP: 2/6
   551 | D:1      | Learned a level 3 spell: Hailstorm
   584 | D:1      | Reached skill level 4 in Maces & Flails
   991 | D:2      | Slain by an orc wizard

Illustrated notes

Levels and vault maps discovered:
D:1:      lemuel_arrival_hallway, layout_rooms,
          ebering_ecumenical_altar_petrified, dreamdust_princess_corridor
D:2:      layout_rooms

Skill      XL: |  1  2  3 |
---------------+----------+-----
Maces & Flails | 4 |  4.1
Fighting       | |  2.1
Dodging        | |  1.5
Spellcasting   | |  2.0
Conjurations   | |  3.9

Action                     || total
---------------------------++-------
  Melee: Dagger            ||   165
         Mace              ||     5
         Punch             ||     3
   Cast: Kiss of Death     ||     5
         Momentum Strike   ||     5
    Use: Scroll            ||     2
         Potion            ||     1
 Armour: Leather armour    ||    60
  Dodge: Dodged            ||    71

Table legend: (Time is in decaauts)
 A = Elapsed time spent in this place.
 B = Non-inter-level travel time spent in this place.
 C = Inter-level travel time spent in this place.
 D = Time resting spent in this place.
 E = Time spent auto-exploring this place.
 F = Levels seen in this place.
 G = Mean time per level.
                   A        B        C        D        E       F      G
               +--------+--------+--------+--------+--------+-----+--------+
         Total |    931 |    906 |     25 |      0 |    642 |   2 |  465.5 |
       Dungeon |    931 |    906 |     25 |      0 |    642 |   2 |  465.5 |
               +--------+--------+--------+--------+--------+-----+--------+

Top non-repeatable levels by time:
     D:1: 796 daAuts
     D:2: 134 daAuts
